 Dungeon Crawl Stone Soup version 0.28-a0-1638-g9123634e07 (webtiles) character file.

Game seed: 13658816018578734298

24620 gimp the Fencer (level 13, -10/75 HPs)
             Began as a Tengu Wanderer on Jan 26, 2022.
             Was a High Priest of Okawaru.
             Mangled by a wolf spider (13 damage)
             ... in a Gauntlet.
             The game lasted 00:29:37 (17886 turns).

gimp the Fencer (Tengu Wanderer)                   Turns: 17886, Time: 00:29:38

Health: -10/75     AC:  4    Str: 21    XL:     13   Next: 14%
Magic:  15/21      EV: 21    Int: 11    God:    Okawaru [*****.]
Gold:   906        SH:  0    Dex: 16    Spells: 12/12 levels left

rFire   . . .      SeeInvis .   b - +4 great sword of Gesoil {flame, Drain rPois Str+4}
rCold   . . .      Faith    .   (shield currently unavailable)
rNeg    + . .      Spirit   .   t - +2 ring mail {rPois}
rPois   +          Reflect  .   (helmet restricted)
rElec   .          Harm     .   c - +1 cloak
rCorr   .          Rampage  .   L - +1 pair of gloves
Will    +....      NoTele   +   (boots unavailable)
Stlth   ++........              q - macabre finger necklace {rN+}
HPRegen 0.22/turn               N - ring of willpower
MPRegen 0.17/turn               (no ring)
                                (no ring)

@: heroic, finesse-ful, corroded, flying quickly and evasively, quick
A: beak, talons 3, nimble flight
a: Renounce Religion, Heroism, Finesse, Duel


You were in a Gauntlet.
You worshipped Okawaru.
Okawaru was extremely pleased with you.
You visited 3 branches of the dungeon, and saw 15 of its levels.
You also visited: Bailey and Gauntlet.

You collected 936 gold pieces.
You spent 30 gold pieces at shops.

Inventory:

Hand Weapons
 a - a +3 long sword of freezing
 b - the +4 great sword of Gesoil (weapon) {flame, Drain rPois Str+4}
   (You found it on level 1 of the Lair of Beasts)

   It burns those it strikes, dealing additional fire damage.
   Big, fiery blades are also staple armaments of hydra-hunters.
   Str:       It affects your strength (+4).
   rPois:     It protects you from poison.
   Drain:     It drains your maximum health when unequipped.
 z - a +1 great sword
Missiles
 p - 80 bolts
 s - 11 poisoned darts (quivered)
 x - 6 curare-tipped darts
Armour
 c - a +1 cloak (worn)
 k - a scarf of repulsion
 l - a scarf of shadows
 t - a +2 ring mail of poison resistance (worn)
 v - a +0 plate armour
 w - the +2 ring mail of the Bagpipe {rElec Str+4 Int+2}
   (You found it on level 5 of the Dungeon)

   Str:       It affects your strength (+4).
   Int:       It affects your intelligence (+2).
   rElec:     It insulates you from electricity.
 G - +0 acid dragon scales
 L - a +1 pair of gloves (worn)
Jewellery
 q - the macabre finger necklace (around neck) {rN+}
   (You found it on level 3 of the Dungeon)

   [amulet of nothing]

   It enables you to equip an extra ring.
   rN:        It protects you from negative energy.
 C - a ring of ice
 N - a ring of willpower (left hand)
Wands
 f - a wand of polymorph (7)
 h - a wand of acid (9)
 j - a wand of iceblast (16)
 A - a wand of flame (35)
Scrolls
 o - 7 scrolls of teleportation
 u - 2 scrolls of fear
 y - 3 scrolls of enchant weapon
 B - 2 scrolls of fog
 D - a scroll of blinking
 H - 2 scrolls of enchant armour
Potions
 d - 2 potions of cancellation
 e - 2 potions of brilliance
 g - 9 potions of haste
 i - 3 potions of resistance
 m - a potion of mutation
 n - 3 potions of might {unknown}
 r - 2 potions of lignification {unknown}
 E - a potion of magic {unknown}
 J - 3 potions of curing
 K - 2 potions of berserk rage {unknown}


   Skills:
 - Level 6.4(11.4) Fighting
 + Level 15.4(20.4) Long Blades
 - Level 11.0(16.0) Armour
 + Level 7.4(12.4) Dodging
 - Level 2.1(7.1) Unarmed Combat
 + Level 9.7 Invocations


You had 12 spell levels left.
You didn't know any spells.
Your spell library contained the following spells:

 Spells                   Type           Power      Damage    Failure   Level
 Pain                     Necr           0%         1d4       43%         1
 Blink                    Tloc           0%         N/A       58%         2
 Confusing Touch          Hex            0%         N/A       82%         3
 Conjure Flame            Conj/Fire      0%         6-21      82%         3
 Ignite Poison            Fire/Tmut/Pois 0%         N/A       82%         3
 Sticky Flame             Conj/Fire      0%         2d3       99%         4
 Agony                    Necr           0%         N/A       100%        5
 Excruciating Wounds      Necr           0%         N/A       100%        5
 Manifold Assault         Tloc           0%         N/A       100%        5
 Yara's Violent Unravell  Hex/Tmut       0%         3d3       100%        5
 Enfeeble                 Hex            0%         N/A       100%        7
 Storm Form               Tmut/Air       0%         N/A       100%        7


Dungeon Overview and Level Annotations

Branches:
Dungeon (11/15)            Temple (1/1) D:7            Lair (3/6) D:10
 Shoals (0/4) Lair:2        Snake (0/4) Lair:3          Orc (0/2) D:10
 Bailey (visited)         Gauntlet (1/1)

Altars:
Ashenzari
Cheibriados
Dithmenos
Elyvilon
Fedhas
Gozag
Hepliaklqana
Kikubaaqudgha
Makhleb
Nemelex Xobeh
Okawaru
Qazlal
Ru
Sif Muna
Trog
Uskayaw
Vehumet
Wu Jian
Xom
Yredelemnul
Zin
The Shining One
Beogh

Shops:
D:1 :[   D:4 :   D:8 :   D:9 *

Annotations:
D:4 1 runed translucent door, Crazy Yiuf
Lair:1 1 runed translucent door, 3t5h's ghost, journeyman TrMo
Lair:3 2 runed translucent doors Gauntlet 13 transporters, exclusion: obsidian statue


Innate Abilities, Weirdness & Mutations

You have a beak for a mouth.
You have claws for feet.
Your magical nature lets you fly swiftly and evasively.


Message History

Aim: a wolf spider (lightly wounded, 71% to hit)
The bolt of acid hits the wolf spider!
The acid corrodes the wolf spider!
The wolf spider is moderately wounded.
The bolt of acid hits the entropy weaver!
The acid corrodes the entropy weaver!
The entropy weaver is lightly wounded.
The wolf spider closely misses you. The wolf spider misses you.
The entropy weaver gestures at you while chanting.
The entropic weave corrodes you!
Aiming: Corrosive Bolt
Press: ? - help, Shift-Dir - straight line, f/p - wolf spider
Aim: a wolf spider (moderately wounded, covered in acid, 71% to hit)
The bolt of acid misses the wolf spider.
The bolt of acid hits the entropy weaver!
The entropy weaver seems to be corroded for longer.
The entropy weaver is moderately wounded.
The wolf spider hits you!
* * * LOW HITPOINT WARNING * * *
The wolf spider bites you.
* * * LOW HITPOINT WARNING * * *
The wolf spider misses you. The wolf spider barely misses you.
You take 12 damage, and have 8/75 hp.
You feel much better. The wolf spider hits you! The wolf spider bites you.
You regained 15 hp, and now have 23/75 hp.
Okay, then.
Okay, then.
You can now deal lightning-fast blows.
The wolf spider barely misses you. The wolf spider bites you.
* * * LOW HITPOINT WARNING * * *
The wolf spider hits you!!
* * * LOW HITPOINT WARNING * * *
The wolf spider misses you.
You take 20 damage, and have 3/75 hp.
MASSIVE DAMAGE!!
You now have 15/21 mp.
You slice the wolf spider!! You burn the wolf spider!
The wolf spider is severely wounded.
You barely miss the wolf spider.
You claw the wolf spider, but do no damage.
The wolf spider is severely wounded.
The wolf spider hits you!
You die...

#.........#.#}.##.....#.#........
#...###...#.#$##.###..#.#..##.##.
#....#....#.#[#.##.##.#.#.#.^#^.#
#.#..#©.#.#.#.#.#.#.#.#.#.#..#©.#
#.#######.#.#.#.#©#.#.#.#5^#####^
#.#..#..#.#.#.#.#.#.#.#.#.#..#..#
#....#....#.#.##†##.#.#.#.#..#..#
#...#.#..3#.#..###.##.#.#..##.##.
#3.[|©.!.2#.#.Bs@.##©##.#..![©)..
###########.###########.#########
.................................
≈................................
#################################
.......≈##8# #8# #8# #8# #8# #8#
©.©.©..8#### ### ### ### ### ###
.......≈# #########


You could see a cacodemon, an entropy weaver (corroded), a wolf spider
(corroded) and a neqoxec.

Vanquished Creatures
  Fannar (D:10)
  A boulder beetle (D:10)
  A hydra (Lair:1)
  Erolcha (D:10)
  4 two-headed ogres
  Sonja (D:11)
  Nergalle (Lair:1)
  A swamp dragon (Lair:1)
  An orc knight (Bailey)
  A deep elf pyromancer (Bailey)
  A cyclops (D:11)
  5 elephants
  4 cane toads
  A gargoyle (D:10)
  2 komodo dragons
  A polar bear (Lair:2)
  Grinder (D:3)
  6 blink frogs (Lair:2)
  8 flying skulls (Gauntlet)
  A wraith (D:10)
  A meliai zombie (D:11)
  Sigmund (D:5)
  A jumping spider (Gauntlet)
  2 wyverns
  A shadow (D:11)
  Eustachio (D:5)
  A steam dragon (D:10)
  18 yaks
  5 vampire mosquitoes
  3 basilisks
  Menkaure (D:5)
  An acid dragon (D:10)
  2 water moccasins
  Duvessa (D:4)
  7 orc warriors
  3 black bears
  A necrophage (D:7)
  5 ogres
  6 centaurs
  2 phantoms
  2 kobold brigands (D:9)
  2 gnoll sergeants
  6 bullfrogs
  3 scorpions
  A wyvern zombie (D:6)
  2 wyvern skeletons (D:6)
  3 water moccasin skeletons
  Dowan (D:4)
  8 wights
  2 howler monkeys (D:4)
  A bullfrog zombie (D:6)
  6 centaur zombies
  7 orc priests
  4 hounds
  2 jellies
  2 bullfrog skeletons
  An iguana (D:5)
  6 orc wizards
  A killer bee zombie (D:6)
  3 adders
  15 gnolls
  3 shadow imps
  A white imp (D:6)
  An ufetubus (D:5)
  An adder skeleton (D:5)
  3 worms (D:2)
  A dart slug (D:4)
  20 orcs
  An endoplasm (D:4)
  3 giant cockroaches
  8 goblins
  4 hobgoblins
  4 jackals (D:3)
  9 kobolds
  3 quokkas
  2 ball pythons
  5 bats
  5 frilled lizards
  5 rats
263 creatures vanquished.

Vanquished Creatures (others)
  6 fungi
  11 plants
  14 withered plants (Gauntlet)
31 creatures vanquished.

Grand Total: 294 creatures vanquished

Notes
Turn   | Place    | Note
-------+----------+-------------------------------------------
     0 | D:1      | gimp the Tengu Wanderer began the quest for the Orb.
     0 | D:1      | gimp set off with the following items: a +2 falchion, a
                  | potion of curing, a +0 cloak, a +0 leather armour
     0 | D:1      | Reached XP level 1. HP: 12/12 MP: 2/2
   112 | D:1      | Reached XP level 2. HP: 10/16 MP: 3/3
   257 | D:1      | Found a faded altar of an unknown god.
   555 | D:1      | Reached skill level 3 in Long Blades
   771 | D:1      | Found Roipnass's Book Shop.
   871 | D:1      | Found Tehaes's Armour Emporium.
  1074 | D:2      | Reached XP level 3. HP: 21/21 MP: 4/4
  1496 | D:2      | Identified the +1 robe of Sloth {Will+ Int-3 Archmagi}
  2122 | D:3      | Found the macabre finger necklace {rN+}
  2234 | D:3      | Reached skill level 4 in Long Blades
  2234 | D:3      | Reached XP level 4. HP: 10/26 MP: 5/5
  2435 | D:3      | Noticed Grinder
  2441 | D:3      | Paralysed by Grinder for 5 turns
  2627 | D:4      | Gained mutation: Your magical nature lets you fly swiftly
                  | and evasively. [Tengu growth]
  2627 | D:4      | Reached XP level 5. HP: 31/31 MP: 6/6
  2633 | D:4      | Reached skill level 5 in Long Blades
  2659 | D:4      | Noticed Duvessa
  2673 | D:4      | Found a shimmering blue altar of Sif Muna.
  2674 | D:4      | Found a radiant altar of Vehumet.
  2729 | D:4      | Noticed Dowan
  2780 | D:3      | Reached XP level 6. HP: 15/37 MP: 7/7
  3497 | D:4      | Found a runed translucent door.
  3498 | D:4      | Noticed Crazy Yiuf
  3520 | D:5      | Entered Level 5 of the Dungeon
  3623 | D:5      | Noticed Sigmund
  3648 | D:5      | Killed Sigmund
  3649 | D:5      | Reached skill level 6 in Long Blades
  3649 | D:5      | Reached XP level 7. HP: 41/43 MP: 8/8
  3733 | D:5      | Reached skill level 7 in Long Blades
  3930 | D:5      | Identified the +2 ring mail of the Bagpipe {rElec Str+4
                  | Int+2}
  4089 | D:5      | Noticed Eustachio
  4101 | D:5      | Killed Eustachio
  4221 | D:5      | Reached skill level 8 in Long Blades
  4462 | D:5      | Reached skill level 5 in Fighting
  4462 | D:5      | Reached XP level 8. HP: 37/49 MP: 9/9
  4662 | D:5      | Noticed Menkaure
  4672 | D:5      | Killed Menkaure
  5023 | D:5      | Reached skill level 9 in Long Blades
  5518 | D:6      | Reached skill level 10 in Long Blades
  6643 | D:6      | Reached XP level 9. HP: 42/54 MP: 10/10
  6752 | D:7      | Found a staircase to the Ecumenical Temple.
  6766 | Temple   | Entered the Ecumenical Temple
  6865 | D:7      | Reached skill level 5 in Armour
  6872 | D:7      | Reached skill level 11 in Long Blades
  7502 | D:8      | Found a sparkling altar of Nemelex Xobeh.
  7503 | D:8      | Found a basalt altar of Yredelemnul.
  7505 | D:8      | Found an iron altar of Okawaru.
  7506 | D:8      | Found a shimmering altar of Xom.
  7516 | D:8      | Found a sacrificial altar of Ru.
  7516 | D:8      | Found a shadowy altar of Dithmenos.
  7808 | D:8      | Became a worshipper of Warmaster Okawaru
  7870 | D:8      | Found Bacwieph's Book Emporium.
  8310 | D:3      | Paralysed by Grinder for 5 turns
  8326 | D:3      | Paralysed by Grinder for 2 turns
  8331 | D:3      | Killed Grinder
  8332 | D:3      | Reached skill level 12 in Long Blades
  8332 | D:3      | Reached skill level 1 in Invocations
  8576 | D:4      | Found Cekeysah's Self-Improvement Boutique.
  8829 | D:4      | Killed Duvessa
  8833 | D:4      | Killed Dowan
  9244 | D:9      | Reached * piety under Okawaru
  9249 | D:9      | Reached XP level 10. HP: 59/59 MP: 12/12
  9720 | D:9      | Found Tofei's General Store.
  9728 | D:9      | Bought a scroll of identify for 30 gold pieces
  9829 | D:9      | Noticed a two-headed ogre
 10536 | D:9      | Killed a two-headed ogre
 10537 | D:9      | Reached skill level 13 in Long Blades
 10990 | D:10     | Entered Level 10 of the Dungeon
 11060 | D:10     | Noticed Erolcha
 11066 | D:10     | Killed Erolcha
 11066 | D:10     | Reached ** piety under Okawaru
 11080 | D:10     | Found a flagged portal.
 11081 | D:10     | Noticed Fannar
 11100 | D:10     | Killed Fannar
 11100 | D:10     | Reached *** piety under Okawaru
 11118 | Bailey   | Entered a bailey
 11404 | Bailey   | Reached skill level 14 in Long Blades
 11428 | Bailey   | Noticed an orc knight
 11431 | Bailey   | Found a large runed translucent door.
 11431 | Bailey   | Found a large runed translucent door.
 11482 | Bailey   | Killed an orc knight
 11483 | Bailey   | Reached skill level 5 in Invocations
 11483 | Bailey   | Reached XP level 11. HP: 46/63 MP: 15/15
 11662 | Bailey   | Noticed a deep elf pyromancer
 11730 | Bailey   | Killed a deep elf pyromancer
 11730 | Bailey   | Reached **** piety under Okawaru
 11748 | Bailey   | Identified the ring of the Firefly {Ice Contam Str+2 Int+2}
 11752 | Bailey   | Identified the +2 pair of boots "Gopliuh" {rC+ Str+6 Int+4
                  | Dex+3}
 11817 | D:10     | Noticed a two-headed ogre
 11854 | D:10     | Killed a two-headed ogre
 12115 | D:10     | Found a staircase to the Orcish Mines.
 12137 | D:10     | Reached skill level 10 in Armour
 12662 | D:10     | Reached ***** piety under Okawaru
 13278 | D:10     | Found a staircase to the Lair.
 13618 | D:10     | Noticed a boulder beetle
 13625 | D:10     | HP: 2/63 [boulder beetle (19)]
 13637 | D:10     | Killed a boulder beetle
 14080 | D:11     | Noticed Sonja
 14083 | D:11     | Killed Sonja
 14126 | D:11     | Noticed a two-headed ogre
 14127 | D:11     | Noticed a two-headed ogre
 14128 | D:11     | Noticed an ogre mage
 14141 | D:11     | Killed a two-headed ogre
 14142 | D:11     | Reached XP level 12. HP: 54/68 MP: 15/18
 14145 | D:11     | Killed a two-headed ogre
 14156 | D:11     | Noticed a two-headed ogre
 14365 | D:11     | Identified the +5 broad axe "Axesul" {protect, Contam *Slow
                  | rC+ Str+8} (Okawaru gifted it to you on level 11 of the
                  | Dungeon)
 14365 | D:11     | Received a gift from Okawaru
 14755 | Lair:1   | Entered Level 1 of the Lair of Beasts
 14884 | Lair:1   | Identified the +4 great sword of Gesoil {flame, Drain rPois
                  | Str+4}
 14917 | Lair:1   | Noticed a seven-headed hydra
 14927 | Lair:1   | Killed a five-headed hydra
 15514 | Lair:1   | Reached skill level 5 in Dodging
 15674 | Lair:1   | Found a runed translucent door.
 15674 | Lair:1   | Noticed 3t5h's ghost (journeyman TrMo)
 16023 | Lair:1   | Identified the -1 buckler of Twilight {Fly rN+} (Okawaru
                  | gifted it to you on level 1 of the Lair of Beasts)
 16023 | Lair:1   | Received a gift from Okawaru
 16400 | Lair:2   | Noticed Nergalle
 16516 | Lair:2   | Reached skill level 15 in Long Blades
 16567 | Lair:2   | Found a staircase to the Shoals.
 16776 | Lair:2   | Reached XP level 13. HP: 51/75 MP: 21/21
 16809 | Lair:1   | Killed Nergalle
 17336 | Lair:3   | Found a gate leading to a gauntlet.
 17339 | Lair:3   | Found a runed translucent gate.
 17340 | Lair:3   | Found a runed translucent gate.
 17360 | Gauntlet | Entered a Gauntlet
 17360 | Gauntlet | Found a transporter.
 17377 | Gauntlet | Found a transporter.
 17379 | Gauntlet | Found a transporter.
 17379 | Gauntlet | Found a transporter.
 17394 | Gauntlet | Found a transporter.
 17408 | Gauntlet | Found a transporter.
 17415 | Gauntlet | Found a transporter.
 17430 | Gauntlet | Found a transporter.
 17430 | Gauntlet | Noticed a reaper
 17447 | Gauntlet | Found a transporter.
 17462 | Gauntlet | Noticed a cacodemon
 17463 | Gauntlet | Noticed an entropy weaver
 17464 | Gauntlet | Found a transporter.
 17481 | Gauntlet | Found a transporter.
 17493 | Gauntlet | Found a transporter.
 17505 | Gauntlet | Found a transporter.
 17522 | Gauntlet | Found a transporter.
 17540 | Gauntlet | Found a transporter.
 17542 | Gauntlet | Found a transporter.
 17572 | Gauntlet | Found a transporter.
 17574 | Gauntlet | Found a transporter.
 17884 | Gauntlet | HP: 3/75 [wolf spider (19)]
 17886 | Gauntlet | Mangled by a wolf spider

Illustrated notes

Levels and vault maps discovered:
D:1:      dpeg_arrival_more_subterranean_lakeside_camping, layout_basic,
          serial_shops, nicolae_diamond_shop, shop,
          nicolae_ecumenical_lake_church, minmay_distorted
D:2:      layout_basic
D:3:      layout_loops_ring, grunt_decor_arrowhead, uniq_grinder
D:4:      layout_basic, chequers_temple_overflow_statue_of_worship,
          nicolae_shop_self_help, uniq_duvessa, uniq_crazy_yiuf_cottage
D:5:      layout_basic, uniq_eustachio, uniq_menkaure, uniq_sigmund
D:6:      layout_loops_ring, grunt_decor_fettered, minmay_strange_pillars
D:7:      layout_rooms, minmay_temple_entry_glass, corexii_hall_statues_l,
          minmay_misc_feat_room, item_on_display_a
D:8:      layout_basic, grunt_temple_overflow_open, serial_shops,
          nicolae_shop_crystal
D:9:      layout_layer_cave, serial_shops, nicolae_shop_waterfront
D:10:     layout_loops_ring, david_lair_generic, minmay_orc_entry_temple_small,
          serial_rivers, chequers_serial_rivers_large_a,
          chequers_serial_rivers_marsh, chequers_serial_rivers_large_b,
          chequers_serial_rivers_room_a, enter_bailey_5, nzn_sisyphean_effort,
          uniq_fannar, uniq_erolcha
D:11:     layout_loops_ring, minmay_misc_feat_secret_circle,
          nicolae_looking_at_the_future, uniq_sonja
Temple:   nicolae_temple_great_sept
Lair:1:   layout_hall_layers, ebering_ghost_inner_flame, pond,
          grunt_megastairs_3
Lair:2:   layout_concentric_octagons, minmay_shoals_entry_centaurs,
          grunt_megastairs_4, serial_bayou_shore_a, uniq_nergalle
Lair:3:   layout_gridlike, guppyfry_snake_entry_garden, gauntlet_entry_generic,
          gammafunk_ghost_necromancy
Gauntlet: gammafunk_gauntlet_one_two_three
          [gammafunk_gauntlet_arena_arrow_garden,
          gammafunk_gauntlet_arena_teeth, nicolae_gauntlet_arena_grate_2,
          nicolae_gauntlet_arena_quarters, gammafunk_gauntlet_arena_spirals,
          nicolae_gauntlet_arena_t_cross, gammafunk_gauntlet_arena_open,
          gammafunk_gauntlet_arena_split_diamond, nicolae_gauntlet_swirl,
          dreamdust_gauntlet_exit_labyrinth]

Skill      XL: |  1  2  3  4  5  6  7  8  9 10 11 12 13 |
---------------+----------------------------------------+-----
Long Blades    | 3 4 5 6 8 10 12 14 15 | 15.4
Fighting       | 2 3 4 5 6 |  6.4
Armour         | 4 6 8 11 | 11.0
Invocations    | 2 5 7 9 |  9.7
Dodging        | 3 6 7 |  7.4
Unarmed Combat | |  2.1

Action                   |  1- 3 |  4- 6 |  7- 9 | 10-12 | 13-15 || total
-------------------------+-------+-------+-------+-------+-------++-------
Melee: Falchion          |    72 |    55 |   227 |       |       ||   354
       Kick              |    18 |    16 |    96 |   156 |     7 ||   293
       Peck              |     7 |     5 |    58 |    91 |     8 ||   169
       Punch             |     1 |       |     7 |     9 |       ||    17
       Long sword        |       |       |    58 |   272 |       ||   330
       Great sword       |       |       |       |   162 |    45 ||   207
Throw: Dart              |       |     5 |     8 |    29 |       ||    42
Invok: Heroism           |       |       |       |     9 |     2 ||    11
       Finesse           |       |       |       |     1 |     1 ||     2
Evoke: Wand              |       |     4 |     3 |    20 |     2 ||    29
  Use: Scroll            |     1 |     4 |    13 |     3 |     2 ||    23
       Potion            |       |       |       |     3 |     1 ||     4
 Stab: Distracted        |       |       |       |     1 |       ||     1
Armor: Ring mail         |    13 |    13 |    81 |    93 |    14 ||   214
       Acid dragon scale |       |       |       |    50 |       ||    50
Dodge: Dodged            |    42 |    34 |   148 |   301 |    55 ||   580

Table legend: (Time is in decaauts)
 A = Elapsed time spent in this place.
 B = Non-inter-level travel time spent in this place.
 C = Inter-level travel time spent in this place.
 D = Time resting spent in this place.
 E = Time spent auto-exploring this place.
 F = Levels seen in this place.
 G = Mean time per level.
                   A        B        C        D        E       F      G
               +--------+--------+--------+--------+--------+-----+--------+
         Total |  16949 |  16101 |    848 |   2367 |  10493 |  17 |  997.0 |
       Dungeon |  13338 |  12527 |    811 |   1733 |   8597 |  11 | 1212.5 |
        Temple |     78 |     68 |     10 |      0 |     56 |   1 |   78.0 |
          Lair |   2407 |   2381 |     26 |    272 |   1660 |   3 |  802.3 |
        Bailey |    636 |    636 |      0 |    182 |    172 |   1 |  636.0 |
      Gauntlet |    488 |    488 |      0 |    180 |      7 |   1 |  488.0 |
               +--------+--------+--------+--------+--------+-----+--------+

Top non-repeatable levels by time:
     D:9: 1995 daAuts
    D:10: 1959 daAuts
     D:5: 1892 daAuts
  Lair:1: 1394 daAuts
     D:2: 1382 daAuts
     D:6: 1252 daAuts
     D:3: 1201 daAuts
     D:1: 1053 daAuts
  Lair:2: 959 daAuts
     D:8: 904 daAuts
     D:7: 771 daAuts
     D:4: 652 daAuts
  Bailey: 636 daAuts
Gauntlet: 488 daAuts
    D:11: 274 daAuts
